 Dungeon Crawl Stone Soup version 0.28-a0-533-g9f97627e2a (webtiles) character file.

Game seed: 9213572198626941665

72 demibob the Shield-Bearer (level 4, -7/36 HPs)
             Began as a Demonspawn Fighter on Sept 25, 2021.
             Was an Initiate of Ashenzari.
             Mangled by an ogre (25 damage)
             ... on level 3 of the Dungeon.
             The game lasted 00:03:07 (1884 turns).

demibob the Shield-Bearer (Demonspawn Fighter)      Turns: 1884, Time: 00:03:08

Health: -7/36      AC: 10    Str: 16    XL:     4   Next: 6%
Magic:  4/4        EV:  9    Int: 10    God:    Ashenzari [......]
Gold:   34         SH:  5    Dex: 13    Spells: 3/3 levels left

rFire   . . .      SeeInvis .   a - +0 long sword of the Shackled Negation {vorpal, Range, Bglg} (curse)
rCold   . . .      Faith    .   c - +0 buckler
rNeg    . . .      Spirit   .   b - +1 scale mail
rPois   .          Reflect  .   (no helmet)
rElec   .          Harm     .   l - +0 cloak
rCorr   .          Rampage  .   h - +0 pair of gloves
Will    .....                   (no boots)
Stlth   ..........              (no amulet)
HPRegen 0.12/turn               (no ring)
MPRegen 0.09/turn               (no ring)

@: mighty
A: talons 1, rugged brown scales 1, ignite blood 1
a: Renounce Religion, Shatter the Chains


You were on level 3 of the Dungeon.
You worshipped Ashenzari.
Ashenzari was noncommittal.
You visited 1 branch of the dungeon, and saw 3 of its levels.

You collected 34 gold pieces.


Innate Abilities, Weirdness & Mutations

You have sharp toenails.
You are partially covered in rugged brown scales. (AC +1, +3% HP)
Your demonic aura sometimes causes spilled blood to erupt in flames.


   Skills:
 - Level 3.0 Fighting
 + Level 3.0 Long Blades
 - Level 2.6 Armour
 + Level 3.7 Shields


You had 3 spell levels left.
You didn't know any spells.
Your spell library was empty.

Inventory:

Hand Weapons
 a - the cursed +0 long sword of the Shackled Negation (weapon) {vorpal, Range, Bglg}

   It inflicts extra damage upon your enemies.
   It has a curse which improves the following skills: Ranged Combat: Slings,
   Bows, Crossbows and Throwing.
   Beguiling: Conjurations, Hexes and Translocations.
Armour
 b - a +1 scale mail (worn)
 c - a +0 buckler (worn)
 h - a +0 pair of gloves (worn)
 l - a +0 cloak (worn)
Scrolls
 e - a scroll of identify {@r1}
 f - 2 scrolls of enchant armour
 i - a scroll of fog
 k - a scroll of magic mapping
Potions
 g - a potion of magic
 j - a potion of curing {@q1}

Dungeon Overview and Level Annotations

Branches:
Dungeon (3/15)

Altars:
Ashenzari

#..
##........≈≈≈
#.##.........≈≈≈
#....#<........≈
#....#.......≈≈≈
#.?..###....#≈.≈
#....# #.##.#
#...)# #†# ..
#....# #.# ≈≈≈
#...@# #.# .≈
#...O....... ≈
####..##.###
..###.# ... ###
.... ...# ≈...#


You could see an ogre.


Message History

No target in view!
No target in view!
No target in view!
No target in view!
No target in view!
No target in view!
No target in view!
No target in view!
No target in view!
No target in view!
No target in view!
HP restored.
An ogre comes into view. It is wielding a +0 giant spiked club.
Things that are here:
a +0 dagger; a +0 ring mail An ogre is nearby!
Use which ability? (? or * to list)
Your +0 vorpal long sword glows black for a moment.
You aren't carrying any items that you can evoke.
You feel very mighty all of a sudden.
The ogre hits you with a +0 giant spiked club!!
Ouch! That really hurt!
* * * LOW HITPOINT WARNING * * *
You slash the ogre!
The ogre is moderately wounded.
You barely miss the ogre.
The ogre is moderately wounded.
The ogre hits you with a +0 giant spiked club!!
Ouch! That really hurt!
You die...

Skill      XL: |  1  2  3 |
---------------+----------+-----
Long Blades    | 2 3 |  3.0
Shields        | 3 |  3.7
Fighting       | |  3.0
Armour         | |  2.6

Action                   |  1- 3 |  4- 6 || total
-------------------------+-------+-------++-------
Melee: Long sword        |   122 |     8 ||   130
       Kick              |    11 |     1 ||    12
Invok: Curse Item        |       |     1 ||     1
  Use: Scroll            |     4 |       ||     4
       Potion            |       |     1 ||     1
Armor: Scale mail        |    80 |     1 ||    81
Dodge: Dodged            |    70 |     3 ||    73
Block: Buckler           |    30 |     1 ||    31

Levels and vault maps discovered:
D:1:      nzn_arrival_depleted_hourglass, layout_rooms
D:2:      layout_basic, hellmonk_ecumenical_altar_prayer_group
D:3:      layout_rooms, serial_rivers, chequers_serial_rivers_small_b,
          chequers_serial_rivers_marsh, chequers_serial_rivers_small_3,
          chequers_serial_rivers_large_a, minmay_gold_behind_fungi,
          minmay_randomly_rotated_circles, uniq_sigmund

Notes
Turn   | Place    | Note
-------+----------+-------------------------------------------
     0 | D:1      | demibob the Demonspawn Fighter began the quest for the Orb.
     0 | D:1      | Reached XP level 1. HP: 18/18 MP: 1/1
    89 | D:1      | Reached skill level 2 in Long Blades
   243 | D:1      | Reached skill level 3 in Shields
   243 | D:1      | Gained mutation: You are partially covered in rugged brown
                  | scales. (AC +1, +3% HP) [demonic ancestry]
   243 | D:1      | Reached XP level 2. HP: 11/24 MP: 2/2
   963 | D:2      | Gained mutation: You have sharp toenails. [demonic
                  | ancestry]
   963 | D:2      | Reached XP level 3. HP: 29/29 MP: 3/3
  1089 | D:2      | Found a faded altar of an unknown god.
  1097 | D:2      | Became a worshipper of Ashenzari the Shackled
  1832 | D:3      | Reached skill level 3 in Long Blades
  1841 | D:3      | Gained mutation: Your demonic aura sometimes causes spilled
                  | blood to erupt in flames. [demonic ancestry]
  1841 | D:3      | Reached XP level 4. HP: 36/36 MP: 4/4
  1878 | D:3      | Noticed an ogre
  1884 | D:3      | Mangled by an ogre

Vanquished Creatures
  2 adders
  A worm (D:3)
  A dart slug (D:2)
  An orc (D:3)
  5 ball pythons
  8 bats
  6 endoplasms
  2 giant cockroaches (D:2)
  4 hobgoblins
  2 jackals (D:3)
  2 frilled lizards (D:1)
  3 goblins
  6 kobolds
  2 rats
45 creatures vanquished.

Table legend: (Time is in decaauts)
 A = Elapsed time spent in this place.
 B = Non-inter-level travel time spent in this place.
 C = Inter-level travel time spent in this place.
 D = Time resting spent in this place.
 E = Time spent auto-exploring this place.
 F = Levels seen in this place.
 G = Mean time per level.
                   A        B        C        D        E       F      G
               +--------+--------+--------+--------+--------+-----+--------+
         Total |   1924 |   1906 |     18 |      5 |   1553 |   3 |  641.3 |
       Dungeon |   1924 |   1906 |     18 |      5 |   1553 |   3 |  641.3 |
               +--------+--------+--------+--------+--------+-----+--------+

Top non-repeatable levels by time:
     D:2: 1104 daAuts
     D:1: 749 daAuts
     D:3: 70 daAuts

Table legend:
 A = Non-vault XP
 B = Vault XP
 C = Vault XP percentage of total XP
 D = Non-vault monster count
 E = Vault monster count
 F = Vault count percentage of total count
                 A         B        C        D         E       F
            +---------+---------+-------+---------+---------+-------
      Total |      96 |       7 |   6.8 |      41 |       4 |   8.9
            +---------+---------+-------+---------+---------+-------
        D:1 |      26 |       0 |   0.0 |      17 |       0 |   0.0
        D:2 |      45 |       7 |  13.5 |      19 |       4 |  17.4
        D:3 |      25 |       0 |   0.0 |       5 |       0 |   0.0
            +---------+---------+-------+---------+---------+-------
